AoeStats
← jmcollier139

Arena

510189624Analyzed
1v1 RM · 4d ago on Sep 29, 2026· 50m 28s· 2 players
Game mode
Random Map
Map size
Tiny (2 player)
Population
200
Speed
Normal
Resources
Standard
Victory
Conquest
Starting age
Dark Age
Ending age
Imperial Age
RankedLock teamsTeams togetherTeam positionsShared explorationLock speedFull tech treeHidden civsTurbo modeCheats
Victory
Defeat
🇨🇦 Persians · Canada
463
+15
🇨🇦 Turks · Canada
437
-15
Savage_Sevro
12:45 Feudal Age
13:13 Double-Bit Axe
19:35 Castle Age
17:35 Horse Collar
19:16 Forging
20:45 Bow Saw
24:56 Scale Barding Armor
27:01 Loom
28:03 Sanctity
29:05 Fervor
29:09 Redemption
30:51 Gold Mining
30:51 Stone Mining
31:25 Ballistics
31:57 Sipahi
31:32 Fletching
32:20 Bodkin Arrow
35:30 Heavy Plow
38:57 Imperial Age
37:58 Fortified Wall
38:54 Gold Shaft Mining
42:22 Iron Casting
41:48 Bracer
45:18 Elite Janissary
47:51 Murder Holes
jmcollier139
0:30 Loom
10:39 Feudal Age
17:55 Castle Age
16:00 Double-Bit Axe
16:11 Horse Collar
21:44 Pikeman
23:04 Wheelbarrow
26:16 Crossbowman
26:58 Gold Mining
28:20 Heavy Plow
29:16 Bloodlines
31:03 Padded Archer Armor
30:53 Fletching
37:40 Imperial Age
36:23 Scale Barding Armor
36:28 Forging
37:09 Gold Shaft Mining
36:58 Bodkin Arrow
38:24 Cavalier
40:09 Chemistry
40:05 Chain Barding Armor
40:21 Iron Casting
40:20 Savar
42:01 Plate Barding Armor
43:11 Husbandry
44:13 Blast Furnace
45:22 Leather Archer Armor
45:39 Conscription
Connection lost

Rejoining the realm…

Still unreachable

The connection could not be restored.

Session expired

The server has moved on; the page needs a fresh start.